 Dungeon Crawl Stone Soup version 0.29-a0-887-gcbe080d7e0 (webtiles) character file.

Game seed: 5367943226861340786

405046 dolemite99 the Slayer (level 22, -4/215 (228) HPs)
             Began as a Minotaur Gladiator on July 22, 2022.
             Was an Initiate of Yredelemnul.
             Killed by the air
             ... invoked by a spriggan air mage
              (21 damage)
             ... on level 4 of the Depths.
             The game lasted 02:27:33 (73045 turns).

dolemite99 the Slayer (Minotaur Gladiator)         Turns: 73045, Time: 02:27:33

HP:   -4/215 (228)  AC: 34    Str: 23    XL:     22   Next: 35%
MP:   32/32         EV: 15    Int: 11    God:    Yredelemnul [......]
Gold: 534           SH: 14    Dex: 19    Spells: 25/28 levels left

rFire   + . .      SeeInvis +   a - +5 broad axe (flame)
rCold   . . .      Faith    +   S - +0 kite shield {AC+3}
rNeg    . . .      Spirit   .   l - +2 plate armour {rF+}
rPois   +          Reflect  .   F - +2 hat
rElec   .          Harm     .   E - +2 cloak {rPois}
rCorr   .          Rampage  .   H - +2 pair of gloves of Touply {Int+6}
Will    +....                   T - +2 pair of boots
Stlth   ..........              L - amulet of faith
HPRegen 0.45/turn               k - ring of see invisible
MPRegen 0.23/turn               z - +4 ring of evasion {=R}

@: marked, drained
A: horns 2, retaliatory headbutt
}: 2/15 runes: serpentine, barnacled
a: Renounce Religion, Recall Undead Harvest


You were on level 4 of the Depths.
You worshipped Yredelemnul.
Yredelemnul was pleased with you.
You visited 9 branches of the dungeon, and saw 41 of its levels.
You visited the Abyss 3 times.

You collected 4496 gold pieces.
You spent 3962 gold pieces at shops.

Inventory:

Hand Weapons
 a - a +5 broad axe of flaming (weapon)
 b - a +2 broad axe of freezing
 e - a +2 vampiric war axe
 w - the +13 lance "Wyrmbane" {slay drac, rPois rF+ rC+ AC+3}
   (You took it off a merfolk on level 4 of the Shoals)

   It inflicts extra damage against dragons and draconians.
   AC:        It affects your AC (+3).
   rF:        It protects you from fire.
   rC:        It protects you from cold.
   rPois:     It protects you from poison.
 I - the +8 mace of Riesodu {drain, +Blink}
   (You took it off a merfolk siren on level 4 of the Shoals)

   A truly terrible weapon, it drains the life of any living foe it strikes.
   +Blink:    It lets you blink.
Missiles
 d - 4 throwing nets
 o - 13 javelins (quivered)
 x - 28 boomerangs
 N - 6 boomerangs of dispersal
 Q - 9 silver javelins
Armour
 l - a +2 plate armour of fire resistance (worn)
 E - a +2 cloak of poison resistance (worn)
 F - a +2 hat (worn)
 H - the +2 pair of gloves of Touply (worn) {Int+6}
   (You found it on level 2 of the Shoals)

   Int:       It affects your intelligence (+6).
 S - a +0 kite shield of protection (worn)
 T - a +2 pair of boots (worn)
Jewellery
 k - a ring of see invisible (left hand)
 m - a ring of protection from cold
 s - an amulet of guardian spirit
 y - a ring of willpower
 z - a +4 ring of evasion (right hand) {=R}
 L - an amulet of faith (around neck)
 O - a ring of resist corrosion
 W - a ring of willpower
Wands
 f - a wand of iceblast (10)
 B - a wand of polymorph (15)
 J - a wand of digging (4)
 U - a wand of mindburst (7)
Scrolls
 g - a scroll of brand weapon
 h - 20 scrolls of identify {@r1}
 i - 2 scrolls of silence
 p - 3 scrolls of magic mapping
 q - 2 scrolls of teleportation
 P - a scroll of immolation
 Z - 2 scrolls of vulnerability
Potions
 j - 11 potions of flight
 u - 5 potions of brilliance
 v - 2 potions of berserk rage
 C - 5 potions of ambrosia
 D - 2 potions of cancellation
 M - 6 potions of magic
Miscellaneous
 c - a condenser vane (inert)
 r - a phial of floods (inert)
 t - a lightning rod (1/4)
 V - a piece from Xom's chessboard (14/15)
 X - a box of beasts (inert)
 Y - a tin of tremorstones (inert)


   Skills:
 - Level 26.0 Fighting
 - Level 18.0 Axes
 - Level 2.1(12.0) Polearms
 - Level 11.6 Throwing
 - Level 15.0 Armour
 - Level 8.0 Dodging
 - Level 15.0 Shields
 + Level 3.6 Spellcasting
 - Level 10.7 Translocations
 - Level 15.0 Invocations
 - Level 11.0 Evocations


You had 25 spell levels left.
You knew the following spells:

 Your Spells              Type           Power      Damage    Failure   Level
a - Apportation           Tloc           50%        N/A       4%          1
b - Blink                 Tloc           50%        N/A       7%          2

Your spell library contained the following spells:

 Spells                   Type           Power      Damage    Failure   Level
 Gell's Gravitas          Tloc           25%        N/A       13%         3
 Teleport Other           Tloc           25%        N/A       13%         3
 Portal Projectile        Hex/Tloc       26%        N/A       77%         3
 Manifold Assault         Tloc           25%        N/A       77%         5
 Freeze                   Ice            8%         1d3       98%         1
 Necrotise                Necr           8%         1d4       98%         1
 Sandblast                Erth           4%         2d4       98%         1
 Shock                    Conj/Air       8%         1d3       98%         1
 Sting                    Tmut/Pois      8%         1d3       98%         1
 Summon Small Mammal      Summ           8%         N/A       98%         1
 Ensorcelled Hibernation  Hex/Ice        4%         N/A       99%         2
 Passwall                 Tmut/Erth      1%         N/A       99%         2
 Poisonous Vapours        Pois/Air       4%         N/A       99%         2
 Iskenderun's Mystic Bla  Conj/Tloc      13%        2d5       99%         4
 Call Canine Familiar     Summ           2%         N/A       100%        3
 Dazzling Flash           Conj/Hex       4%         N/A       100%        3
 Frozen Ramparts          Ice            4%         1d2       100%        3
 Spider Form              Tmut/Pois      2%         N/A       100%        3
 Stone Arrow              Conj/Erth      4%         3d7       100%        3
 Summon Guardian Golem    Hex/Summ       2%         N/A       100%        3
 Swiftness                Air            2%         N/A       100%        3
 Tukima's Dance           Hex            2%         N/A       100%        3
 Airstrike                Air            1%         0-2+      100%        4
 Anguish                  Hex/Necr       1%         N/A       100%        4
 Animate Armour           Summ/Erth      4%         N/A       100%        4
 Corpse Rot               Necr/Pois/Air  2%         N/A       100%        4
 Fulminant Prism          Conj/Hex       1%         3d6       100%        4
 Hailstorm                Conj/Ice       2%         3d3       100%        4
 Ice Form                 Ice/Tmut       2%         N/A       100%        4
 Leda's Liquefaction      Hex/Erth       1%         N/A       100%        4
 Olgreb's Toxic Radiance  Pois           2%         N/A       100%        4
 Summon Ice Beast         Ice/Summ       2%         N/A       100%        4
 Alistair's Intoxication  Tmut/Pois      1%         N/A       100%        5
 Blade Hands              Tmut           1%         N/A       100%        5
 Borgnjor's Vile Clutch   Necr/Erth      1%         N/A       100%        5
 Lee's Rapid Deconstruct  Erth           1%         3d5*      100%        5
 Summon Forest            Summ/Tloc      6%         N/A       100%        5
 Summon Mana Viper        Hex/Summ       2%         N/A       100%        5
 Dispersal                Tloc           12%        N/A       100%        6
 Iron Shot                Conj/Erth      1%         9d1       100%        6
 Starburst                Conj/Fire      1%         6d3       100%        6
 Statue Form              Tmut/Erth      1%         N/A       100%        6
 Summon Cactus Giant      Summ           1%         N/A       100%        6
 Enfeeble                 Hex            1%         N/A       100%        7
 Monstrous Menagerie      Summ           1%         N/A       100%        7
 Orb of Destruction       Conj           1%         9d5       100%        7
 Ozocubu's Refrigeration  Ice            1%         4d5       100%        7
 Spellforged Servitor     Conj/Summ      1%         N/A       100%        7
 Storm Form               Tmut/Air       1%         N/A       100%        7
 Ignition                 Fire           1%         3d3       100%        8
 Lehudib's Crystal Spear  Conj/Erth      1%         10d2      100%        8
 Maxwell's Capacitive Co  Air            1%         ∞         100%        8
 Chain Lightning          Conj/Air       1%         3d1       100%        9
 Death's Door             Necr           1%         N/A       100%        9
 Fire Storm               Conj/Fire      1%         7d1       100%        9
 Shatter                  Erth           1%         3d5*      100%        9
 Animate Dead             Necr           Unusable   N/A       N/A         4
 Death Channel            Necr           Unusable   N/A       N/A         6
 Simulacrum               Ice/Necr       Unusable   N/A       N/A         6

Dungeon Overview and Level Annotations

Branches:
Dungeon (15/15)            Temple (1/1) D:4            Lair (5/5) D:11
 Shoals (4/4) Lair:3        Snake (4/4) Lair:3        Slime (0/5) Lair:4
    Orc (2/2) D:9             Elf (2/3) Orc:2        Vaults (4/5) D:14
  Crypt (0/3) Vaults:2     Depths (4/4) D:15
    Zot: Depths:4

Altars:
Ashenzari
Cheibriados
Dithmenos
Elyvilon
Fedhas
Gozag
Hepliaklqana
Kikubaaqudgha
Makhleb
Nemelex Xobeh
Okawaru
Qazlal
Ru
Sif Muna
Trog
Uskayaw
Vehumet
Wu Jian
Xom
Yredelemnul
Zin
The Shining One
Jiyva

Shops:
D:2 =   Orc:2 [(*=*   Elf:1 *?(   Shoals:1 *   Snake:1 =   Snake:3 *
Snake:4 :[!(   Vaults:2 =   Vaults:3 ?   Vaults:4 (   Depths:1 ::=

Portals:
Hell: Depths:1 Depths:2 Depths:3
Abyss: Depths:2 Depths:3
Pandemonium: Depths:1 Depths:2 Depths:4

Annotations:
D:4 exclusion: downstairs
D:10 1 runed translucent door, kkgakdfjhgaksdf's ghost, journeyman DgSu
D:15 Kirke
Shoals:3 3 runed translucent doors, Yhotaop's ghost, adept GrFi
Shoals:4 1 runed translucent door, Roxanne; royokou's ghost, adept TrWr
Elf:2 4 runed translucent doors, zeratav's ghost, adept OpVM
Depths:1 1 runed translucent door
Depths:4 Boris


Innate Abilities, Weirdness & Mutations

You have a pair of horns on your head.
You reflexively headbutt those who attack you in melee.


Message History

Aim the phial where?
Press: ? - help, Shift-Dir - straight line, f - spriggan berserker
Aim: a spriggan berserker, wielding a +0 quarterstaff and wearing a +0 animal skin The torrent of water hits the spriggan berserker!!
The spriggan berserker is heavily wounded.
The spriggan berserker is knocked back by the torrent of water.
The wave splashes down.
The spriggan berserker is engulfed in water.
The spriggan air mage points at you and mumbles some strange words.
The bolt of lightning hits you!!!
* * * LOW HITPOINT WARNING * * *
As you read the scroll of fear, it crumbles to dust.
You assume a fearsome visage.
The spriggan berserker looks frightened!
The spriggan berserker resists with almost no effort.
The spriggan air mage resists with almost no effort.
A purple draconian comes into view. It is wielding a +0 glaive.
The spriggan air mage casts a spell at you.
The bolt of lightning misses you.
Okay, then.
Okay, then.
Aiming: Dig
Press: ? - help, Shift-Dir - straight line, p - spriggan berserker A rock wall.
The rock shatters into small pieces.
As you read the scroll of fear, it crumbles to dust.
You assume a fearsome visage.
The purple draconian resists with almost no effort.
The spriggan berserker resists with almost no effort.
The spriggan air mage resists with almost no effort.
The spriggan air mage gestures at you while chanting.
The bolt of lightning hits you!!
* * * LOW HITPOINT WARNING * * *
A white draconian comes into view. It is wielding a +0 glaive.
The spriggan berserker prays to Trog.
The spriggan berserker goes berserk!
The spriggan air mage waves its arms in wide circles.
The air twists around and strikes you!!
You die...
Your body rises from the dead as a mindless zombie.

########
####......#
...#......##
...'......@#
..#......#..# (
#...i≈i###..#
#...≈d≈# #.#
........≈≈≈# #
≈≈≈≈≈≈≈≈≈C≈....
≈#######i......
#≈d......##########
#≈................#


You could see a purple draconian, a white draconian, a fire giant, 2 spriggan
berserkers and a spriggan air mage (repels missiles).

Vanquished Creatures
  Boris (Vaults:2)
  Rupert (Lair:5)
  A tentacled monstrosity (Depths:2)
  A lich (Depths:3)
  Mlioglotl (Snake:1)
  A titan (Depths:3)
  A quicksilver dragon (Depths:3)
  A sphinx (Depths:3)
  Agnes (Snake:1)
  4 tentacled starspawn
  A tengu reaver (Depths:3)
  A shadow dragon (Depths:3)
  A nagaraja (Snake:3)
  Donald (Orc:2)
  A revenant (Vaults:2)
  4 fire giants
  A daeva (Depths:1)
  A balrug (Depths:2)
  4 frost giants
  5 orc warlords
  Louise (Snake:4)
  4 vault wardens
  2 iron dragons (Depths:3)
  A spectral juggernaut (Depths:2)
  The ghost of buhh the Alchemist, a journeyman OpTm of Cheibriados (Snake:1)
  14 very ugly things
  3 war gargoyles
  10 ironbound preservers
  3 spriggan defenders (Depths:3)
  An ironbound thunderhulk (Vaults:4)
  2 vampire knights (Depths:3)
  A black draconian (Depths:4)
  4 stone giants
  A deep elf demonologist (Elf:1)
  Nessos (Lair:5)
  The ghost of zeratav the Tainter, a journeyman OpVM of Gozag (D:11)
  An entropy weaver (Vaults:2)
  A red draconian (Depths:4)
  A white draconian (Depths:4)
  A lorocyproca (Depths:4)
  4 dire elephants (Vaults:1)
  5 spark wasps (Depths:3)
  An ettin (Depths:3)
  3 merfolk javelineers
  9 merfolk impalers
  7 yaktaur captains
  4 fire dragons
  3 boulder beetles
  Fannar (D:11)
  6 vault guards
  A peacekeeper (Vaults:3)
  2 spriggan air magi (Depths:3)
  A hell beast (Depths:3)
  3 hydras
  3 great orbs of eyes
  2 rakshasas
  A catoblepas (Lair:3)
  6 ice dragons
  2 death knights
  An ogre mage (D:12)
  9 naga warriors
  5 ironbound frosthearts
  19 centaur warriors
  A merfolk aquamancer (Shoals:1)
  An alligator snapping turtle (Shoals:3)
  2 death yaks
  9 dancing weapons (Elf:2)
  5 two-headed ogres
  A vampire mage (Depths:3)
  An anaconda (Snake:4)
  5 deep troll earth magi
  3 deep troll shamans
  5 tengu warriors
  10 naga sharpshooters
  An orc high priest (Orc:2)
  5 shock serpents
  2 sun demons
  3 spriggan berserkers
  6 hell knights
  3 deep elf knights (Elf:2)
  2 thrashing horrors (Abyss:2)
  A sixfirhy (Depths:2)
  2 wretched stars (Abyss:2)
  2 salamander mystics
  2 iron trolls
  2 flayed ghosts
  29 deep trolls
  9 sea snakes
  A phantasmal warrior (Vaults:2)
  A glowing orange brain (Depths:3)
  A naga ritualist (Snake:4)
  Pikel (D:6)
  A bog body (Lair:1)
  5 deep elf archers
  9 wizards
  8 harpies
  6 ironbound convokers
  2 lindwurms (Snake:4)
  5 necromancers
  35 ugly things
  7 deep elf pyromancers
  8 mana vipers
  4 fauns
  10 deep elf zephyrmancers
  14 orc knights
  A sphinx zombie (Vaults:3)
  4 orc sorcerers
  13 salamanders
  13 manticores
  A salamander (shapeshifter) (D:15)
  Joseph (D:9)
  3 cyclopes
  9 vault sentinels
  5 guardian serpents
  23 black mambas
  2 water nymphs
  5 merfolk sirens
  A rust devil (Depths:4)
  A centaur zombie (Abyss:2)
  An orange demon (Depths:4)
  8 elephants
  A gargoyle (D:11)
  5 naga magi
  9 cane toads
  Maggie (D:7)
  A torpor snail (Lair:4)
  5 komodo dragons
  3 kobold demonologists
  3 efreet
  A yaktaur zombie (Vaults:3)
  2 hellwings
  A sea snake zombie (Shoals:4)
  A tormentor (D:15)
  2 freezing wraiths
  A rime drake (Lair:3)
  17 yaktaurs
  An unseen horror (shapeshifter) (D:15)
  2 ancient zymes
  An ice devil (Depths:2)
  2 tengu conjurers
  A queen bee (D:10)
  7 trolls
  10 merfolk
  2 wind drakes
  A wind drake (shapeshifter) (D:14)
  A harpy zombie (Shoals:4)
  3 snapping turtles
  A spriggan zombie (Depths:3)
  4 dream sheep
  8 blink frogs
  36 slime creatures
  An ettin zombie (Vaults:3)
  A blink frog (shapeshifter) (Abyss:3)
  2 air elementals (Elf:2)
  2 centaur simulacra
  A spriggan (Depths:3)
  5 wraiths
  6 large abominations (Abyss:2)
  13 starcursed masses (Abyss:2)
  5 wyverns
  A wyvern (shapeshifter) (D:12)
  2 shadows
  4 hogs (D:15)
  45 yaks
  A human (D:14)
  4 water elementals
  2 basilisks
  A fire bat (Orc:1)
  Grum (D:8)
  3 fire elementals
  12 vampire mosquitoes
  A basilisk (shapeshifter) (D:12)
  A chaos spawn (Depths:2)
  2 small abominations
  Menkaure (D:7)
  3 wargs
  21 nagas
  An acid dragon (shapeshifter) (D:12)
  A merfolk zombie (Shoals:4)
  6 water moccasins
  2 ice beasts
  33 orc warriors
  A sky beast (D:6)
  A black bear (D:6)
  A deep troll simulacrum (Vaults:3)
  12 ogres
  5 boggarts (D:14)
  3 centaurs
  A phantom (D:4)
  9 wolves
  3 lemures (D:6)
  3 kobold brigands (D:9)
  Blork the orc (Orc:2)
  15 bullfrogs
  A necrophage (D:8)
  3 scorpions (D:5)
  4 gnoll sergeants
  10 wights
  26 killer bees (D:10)
  9 howler monkeys
  An electric eel (D:13)
  A quasit (Abyss:3)
  A gnoll bouda (D:8)
  6 orc priests
  2 hounds (D:5)
  3 jellies
  Crazy Yiuf (D:7)
  An iguana (D:4)
  20 orc wizards
  An ice beast zombie (D:6)
  16 gnolls
  9 adders
  2 ufetubi (D:5)
  3 worms
  4 dart slugs
  56 orcs
  6 endoplasms
  3 giant cockroaches
  A gnoll zombie (D:6)
  8 goblins
  6 hobgoblins
  2 jackals (D:2)
  8 kobolds
  5 quokkas
  7 ball pythons
  8 bats
  3 frilled lizards
  2 rats
  A bush (Lair:4)
  2 starspawn tentacles (Abyss:2)
  3 tentacles (Shoals:2)
1123 creatures vanquished.

Vanquished Creatures (collateral kills)
  the Enchantress (Depths:3)
  A walking earthen tome (Depths:2)
  2 titans (Depths:3)
  Polyphemus (Shoals:3)
  An ancient champion (Depths:3)
  A shadow dragon (Depths:3)
  7 fire giants
  A frost giant (Depths:3)
  4 vault wardens
  An iron dragon (Depths:3)
  A spriggan defender (Depths:3)
  An ironbound preserver (Vaults:2)
  5 ironbound thunderhulks
  4 stone giants
  A war gargoyle (Vaults:2)
  10 very ugly things
  Azrael (Snake:3)
  A spark wasp (Depths:3)
  3 ettins
  3 yaktaur captains
  4 merfolk impalers
  2 fire dragons
  2 great orbs of eyes
  3 spriggan air magi (Depths:3)
  A rakshasa (Depths:1)
  3 merfolk avatars
  A vault guard (D:14)
  3 hydras
  A boulder beetle (D:12)
  8 ice dragons
  An ogre mage (D:14)
  2 merfolk aquamancers (Shoals:4)
  5 anacondas
  9 centaur warriors
  3 catoblepae
  An alligator snapping turtle (Shoals:2)
  4 ironbound frosthearts
  4 deep troll shamans (Depths:3)
  A satyr (Shoals:2)
  3 death yaks (Shoals:3)
  3 naga warriors
  A tengu warrior (D:14)
  A two-headed ogre (D:12)
  A vampire mage (Depths:2)
  A hell hog (Depths:3)
  A deep troll earth mage (Depths:3)
  2 dancing weapons
  Sonja (Lair:5)
  3 naga sharpshooters
  3 shock serpents
  6 hell knights
  Urug (Orc:1)
  A sixfirhy (Depths:2)
  A soul eater (Depths:1)
  Amaemon (Lair:2)
  2 salamander mystics (Snake:4)
  2 goliath frogs (Lair:5)
  5 sea snakes
  A quicksilver dragon simulacrum (Depths:3)
  8 deep trolls
  Lodul (D:10)
  3 naga ritualists
  A sea snake (shapeshifter) (Depths:3)
  3 glowing orange brains
  A lindwurm (Snake:4)
  3 orc knights
  A deep elf archer (Elf:1)
  2 deep elf pyromancers (Elf:1)
  2 deep elf zephyrmancers
  3 ironbound convokers
  8 harpies
  7 mana vipers
  10 manticores
  2 cyclopes
  3 fauns
  12 ugly things
  2 elephants
  5 salamanders
  8 water nymphs
  7 guardian serpents
  15 black mambas
  7 naga magi
  2 merfolk sirens
  3 vault sentinels
  7 cane toads (Lair:5)
  An orange demon (Lair:2)
  An unseen horror (D:12)
  2 gargoyles
  3 komodo dragons
  6 yaktaurs
  An ice devil (D:11)
  A tengu conjurer (Depths:3)
  14 merfolk
  3 trolls
  3 tyrant leeches (Lair:5)
  6 wind drakes
  A hornet (Depths:3)
  13 slime creatures
  4 snapping turtles
  4 dream sheep
  8 blink frogs
  A spriggan (Depths:3)
  8 water elementals
  A wraith (D:10)
  A fire bat (Orc:1)
  2 basilisks
  A chaos spawn (Depths:1)
  2 neqoxecs
  11 yaks
  2 fire elementals (Snake:3)
  3 vampire mosquitoes
  An acid dragon (D:12)
  A water moccasin (Lair:2)
  13 nagas
  A floating eye (Depths:2)
  A black bear (Lair:2)
  13 orc warriors
  2 boggarts (D:14)
  2 ogres (D:9)
  3 wolves
  2 kobold brigands (D:9)
  4 bullfrogs
  2 gnoll sergeants (D:9)
  A two-headed ogre simulacrum (Lair:1)
  An elephant simulacrum (Lair:1)
  2 killer bees (D:10)
  6 orc priests
  5 orc wizards
  7 gnolls
  14 orcs
  A bat (D:2)
  A bush (Lair:5)
  A plant (Lair:5)
  A tentacle (Shoals:2)
462 creatures vanquished.

Vanquished Creatures (others)
  A spectral caustic shrike (Depths:3)
  A fire giant (Depths:3)
  8 very ugly thing zombies
  A titan zombie (Depths:3)
  A spectral sixfirhy (Depths:2)
  A spectral lorocyproca (Depths:4)
  3 deep elf knights
  A spectral merfolk (Shoals:2)
  4 anaconda zombies
  A spectral faun (Shoals:2)
  2 wizards
  A goliath frog zombie (Lair:5)
  A sphinx zombie (Depths:3)
  14 ugly thing zombies
  An iron dragon zombie (Depths:3)
  An ironbound convoker (Vaults:3)
  A hell hog zombie (Depths:3)
  A frost giant zombie (Depths:3)
  A stone giant zombie (Depths:3)
  2 fire giant zombies (Depths:3)
  A dire elephant zombie (Vaults:1)
  A black mamba (Snake:4)
  3 shock serpent zombies (Snake:4)
  A spectral soul eater (Depths:1)
  An unseen horror zombie (D:15)
  A white draconian zombie (Depths:4)
  4 sea snake zombies
  A spectral sun demon (Abyss:2)
  A black draconian zombie (Depths:4)
  3 catoblepas zombies
  26 human zombies
  An unseen horror (D:12)
  2 spriggan zombies
  An iron troll zombie (Depths:3)
  9 mana viper zombies
  2 death yak zombies (Shoals:3)
  2 spectral wind drakes
  4 spectral glowing orange brains
  8 harpy zombies
  2 hydra zombies
  3 ettin zombies
  3 great orb of eyes zombies
  9 guardian serpent zombies
  A satyr zombie (Shoals:2)
  3 fire dragon zombies (Depths:3)
  A spectral floating eye (Depths:2)
  5 ice dragon zombies
  2 boulder beetle zombies
  24 black mamba zombies
  17 slime creature zombies
  3 wind drake zombies
  A spectral ice devil (Depths:2)
  A spectral hell beast (Depths:3)
  A tyrant leech zombie (Lair:5)
  5 faun zombies
  A two-headed ogre zombie (D:12)
  A fire bat zombie (Orc:1)
  12 deep troll zombies
  3 water nymph zombies
  7 cane toad zombies (Lair:5)
  12 merfolk zombies
  An elephant zombie (Lair:5)
  A snapping turtle zombie (Shoals:4)
  3 lindwurm zombies (Snake:4)
  11 elf zombies
  3 blink frog zombies (Lair:5)
  8 manticore zombies
  A hog zombie (D:15)
  7 vampire mosquito zombies
  2 spectral neqoxecs
  A spectral chaos spawn (Depths:1)
  11 yaktaur zombies
  A komodo dragon zombie (Lair:1)
  16 salamander zombies
  4 wyvern zombies
  2 cyclops zombies
  2 water moccasin zombies
  2 warg zombies (Orc:2)
  3 troll zombies
  3 tengu zombies
  14 yak zombies
  A howler monkey (D:12)
  7 wolf zombies
  7 bullfrog zombies
  11 centaur zombies
  2 jellies (D:11)
  10 killer bee zombies (D:10)
  An acid dragon zombie (D:12)
  An ice beast zombie (D:8)
  11 ogre zombies
  34 naga zombies
  A hound zombie (D:5)
  5 howler monkey zombies
  An adder zombie (D:5)
  3 jelly zombies (D:11)
  6 gnoll zombies
  3 kobold zombies
  59 orc zombies
  3 spectral orcs (Orc:2)
  50 fungi
  195 plants
  15 starspawn tentacles (Abyss:2)
  8 tentacles (Shoals:2)
766 creatures vanquished.

Grand Total: 2351 creatures vanquished

Notes
Turn   | Place    | Note
-------+----------+-------------------------------------------
     0 | D:1      | dolemite99 the Minotaur Gladiator began the quest for the
                  | Orb.
     0 | D:1      | Reached XP level 1. HP: 18/18 MP: 0/0
   291 | D:1      | Reached XP level 2. HP: 21/25 MP: 1/1
   295 | D:1      | Got the Vellum of the Lithic Wind
   992 | D:1      | Found a faded altar of an unknown god.
  1011 | D:1      | Reached skill level 5 in Axes
  1210 | D:2      | Reached XP level 3. HP: 26/30 MP: 2/2
  1303 | D:2      | Found Exigal's Jewellery Shoppe.
  2032 | D:3      | Reached XP level 4. HP: 34/37 MP: 3/3
  3624 | D:3      | Reached XP level 5. HP: 32/42 MP: 4/4
  4367 | D:4      | Found a staircase to the Ecumenical Temple.
  4504 | Temple   | Entered the Ecumenical Temple
  4572 | Temple   | Became a worshipper of Yredelemnul the Dark
  4661 | D:4      | Noticed a phantom
  4675 | D:4      | Killed a phantom
  4676 | D:4      | Reached XP level 6. HP: 22/50 MP: 5/5
  5048 | D:4      | Found a sacrificial altar of Ru.
  5277 | D:5      | Entered Level 5 of the Dungeon
  5363 | D:5      | Reached XP level 7. HP: 56/56 MP: 6/6
  5381 | D:5      | Reached skill level 10 in Axes
  5486 | D:5      | Reached * piety under Yredelemnul
  5582 | D:5      | Noticed a yak
  5582 | D:5      | Noticed a yak
  5582 | D:5      | Noticed a yak
  5582 | D:5      | Noticed a yak
  5620 | D:5      | Noticed a yak
  5635 | D:4      | Killed a yak
  6064 | D:6      | Found a hazy altar of Hepliaklqana.
  6213 | D:6      | Reached XP level 8. HP: 38/62 MP: 7/7
  6988 | D:6      | Noticed Pikel
  7067 | D:7      | Reached XP level 9. HP: 28/68 MP: 8/8
  7408 | D:7      | Noticed Maggie
  7779 | D:7      | Identified the +5 hammer of Gloom {protect, rC+ rCorr}
  7805 | D:7      | Found a runed translucent door.
  7806 | D:7      | Noticed Crazy Yiuf
  7913 | D:7      | Killed Maggie
  8503 | D:6      | Reached skill level 5 in Shields
  8959 | D:6      | Killed Pikel
  8959 | D:6      | Reached ** piety under Yredelemnul
  9144 | D:5      | Reached *** piety under Yredelemnul
  9782 | D:7      | Reached XP level 10. HP: 64/74 MP: 9/9
  9837 | D:7      | Noticed Menkaure
  9843 | D:7      | Killed Menkaure
  9844 | D:7      | Reached skill level 1 in Armour
  9997 | D:7      | Identified the +0 robe of Gokkog {rElec Str+2 Int+4 Dex-2}
 10934 | D:7      | Killed Crazy Yiuf
 11094 | D:8      | Reached skill level 5 in Armour
 11758 | D:8      | Noticed a two-headed ogre
 11778 | D:8      | Killed a two-headed ogre
 12113 | D:8      | Noticed Grum
 12118 | D:8      | Reached skill level 3 in Fighting
 12125 | D:8      | Reached skill level 4 in Fighting
 12127 | D:8      | Killed Grum
 12570 | D:9      | Reached skill level 5 in Fighting
 12583 | D:9      | Reached skill level 6 in Fighting
 12716 | D:9      | Found a broken altar of Ashenzari.
 12752 | D:9      | Found a staircase to the Orcish Mines.
 12768 | D:9      | Found an opulent altar of Gozag.
 12769 | D:9      | Found a sparkling altar of Nemelex Xobeh.
 12789 | D:9      | Reached skill level 7 in Fighting
 12794 | D:9      | Reached XP level 11. HP: 87/92 MP: 10/10
 12815 | D:9      | Reached skill level 8 in Fighting
 13273 | D:9      | Found a glowing golden altar of the Shining One.
 13302 | D:9      | Noticed Joseph
 13319 | D:9      | Killed Joseph
 13320 | D:9      | Reached skill level 9 in Fighting
 13961 | D:10     | Entered Level 10 of the Dungeon
 13961 | D:10     | Noticed Lodul
 13972 | D:10     | Reached skill level 10 in Fighting
 13974 | D:10     | Killed Lodul
 13986 | D:10     | Reached skill level 11 in Fighting
 14246 | D:10     | Your ally Lodul died
 14267 | D:10     | Reached skill level 12 in Fighting
 14783 | D:10     | Reached **** piety under Yredelemnul
 14784 | D:10     | Reached skill level 13 in Fighting
 15053 | D:10     | Found a runed translucent door.
 15053 | D:10     | Found a shimmering altar of Xom.
 15053 | D:10     | Noticed a +0 flail of chaos
 15053 | D:10     | Noticed kkgakdfjhgaksdf's ghost (journeyman DgSu)
 15154 | D:11     | Noticed a two-headed ogre
 15496 | D:2      | Bought an amulet of regeneration for 360 gold pieces
 15503 | D:2      | Bought a +4 ring of evasion for 432 gold pieces
 15871 | D:11     | Killed a two-headed ogre
 15902 | D:11     | Reached XP level 12. HP: 112/115 MP: 11/11
 15957 | D:11     | Reached skill level 10 in Armour
 16028 | D:11     | Noticed a boulder beetle
 16097 | D:11     | Killed a boulder beetle
 16328 | D:11     | Found a staircase to the Lair.
 16336 | Lair:1   | Entered Level 1 of the Lair of Beasts
 17147 | D:11     | Found a runed translucent gate.
 17147 | D:11     | Found a runed translucent gate.
 17147 | D:11     | Found a runed translucent gate.
 17148 | D:11     | Noticed zeratav's ghost (journeyman OpVM)
 17320 | Lair:1   | Reached skill level 1 in Invocations
 17465 | Lair:1   | Identified the +0 ring mail "Waat" {rPois Str+8 Dex+3
                  | Stlth+}
 17533 | Lair:1   | Noticed a death yak
 18327 | Lair:1   | Killed a death yak
 18481 | Lair:2   | Reached skill level 5 in Invocations
 18574 | Lair:2   | Noticed Amaemon
 18584 | Lair:2   | Killed Amaemon
 18820 | Lair:2   | Reached ***** piety under Yredelemnul
 19023 | Lair:2   | Reached ****** piety under Yredelemnul
 19350 | Lair:3   | Noticed a catoblepas
 19361 | Lair:3   | Killed a catoblepas
 19630 | Lair:3   | Reached XP level 13. HP: 122/122 MP: 18/18
 19978 | Lair:3   | Found a staircase to the Snake Pit.
 19979 | Lair:3   | Found a staircase to the Shoals.
 20065 | Lair:3   | Reached skill level 1 in Evocations
 20679 | Lair:4   | Reached XP level 14. HP: 129/129 MP: 20/20
 20854 | Lair:4   | Found a viscous altar of Jiyva.
 20858 | Lair:4   | Found a staircase to the Slime Pits.
 21000 | Lair:4   | Reached skill level 5 in Evocations
 21380 | Lair:5   | Entered Level 5 of the Lair of Beasts
 21406 | Lair:5   | Noticed Sonja
 21739 | Lair:5   | Killed Sonja
 21908 | Lair:5   | Your ally Sonja died
 22159 | Lair:5   | Noticed Nessos
 22181 | Lair:5   | Killed Nessos
 22375 | Lair:5   | Noticed Rupert
 22403 | Lair:5   | Killed Rupert
 22579 | Lair:5   | Reached skill level 10 in Evocations
 23275 | D:11     | Found a viscous altar of Jiyva.
 23852 | D:11     | Killed zeratav's ghost
 23886 | D:11     | Reached XP level 15. HP: 110/136 MP: 21/21
 24165 | D:12     | Reached skill level 10 in Shields
 24468 | D:12     | Noticed an azure jelly
 24470 | D:12     | an azure jelly changed into a quicksilver ooze
 24481 | D:12     | Noticed a storm dragon
 24481 | D:12     | a minotaur changed into a storm dragon
 24545 | D:12     | You fall into a shaft and drop 3 floors!
 24545 | D:15     | Entered Level 15 of the Dungeon
 25156 | D:13     | Found a white marble altar of Elyvilon.
 25873 | D:12     | Noticed a frost giant
 26247 | D:12     | Noticed a fire giant
 26263 | D:12     | Killed a fire giant
 26890 | D:12     | Noticed Fannar
 26906 | D:11     | Killed Fannar
 27710 | D:12     | Killed a frost giant
 27932 | D:14     | Reached skill level 15 in Axes
 28552 | Orc:1    | Entered Level 1 of the Orcish Mines
 28967 | Orc:2    | Entered Level 2 of the Orcish Mines
 29406 | Orc:2    | Noticed an orc warlord
 29421 | Orc:2    | Noticed Urug
 29657 | Orc:1    | Killed Urug
 30184 | Orc:2    | Killed an orc warlord
 30270 | Orc:2    | Noticed Blork the orc
 30279 | Orc:2    | Killed Blork the orc
 30315 | Orc:2    | Your ally Blork died
 30437 | Orc:2    | Found Keikk's General Store.
 30471 | Orc:2    | Found Dithragank's Antique Weapon Shop.
 30506 | Orc:2    | Found Tueluddo's Jewellery Shop.
 30512 | Orc:2    | Bought an amulet of faith for 640 gold pieces
 30541 | Orc:2    | Noticed Donald
 30596 | Orc:2    | Killed Donald
 30691 | Orc:2    | Found Zaoppose's Antique Armour Shop.
 30748 | Orc:2    | Found a staircase to the Elven Halls.
 30867 | Orc:2    | Your ally Donald died
 31058 | Orc:2    | Found Vischuphu's General Store.
 31062 | Orc:2    | Found Rucaho's Specific Store.
 31200 | Orc:2    | Bought a scroll of summoning for 133 gold pieces
 31200 | Orc:2    | Bought a potion of heal wounds for 70 gold pieces
 31200 | Orc:2    | Bought a scroll of teleportation for 42 gold pieces
 31200 | Orc:2    | Bought a scroll of teleportation for 42 gold pieces
 31205 | Orc:2    | Bought a scroll of magic mapping for 105 gold pieces
 31262 | Orc:2    | Bought a tin of tremorstones (2/2) for 640 gold pieces
 31727 | D:14     | Reached XP level 16. HP: 145/145 MP: 22/22
 32435 | D:14     | Found a gate to the Vaults.
 32774 | D:15     | Found a radiant altar of Vehumet.
 33454 | D:15     | Noticed Kirke
 33477 | D:15     | Noticed a sphinx
 33785 | D:15     | Reached skill level 14 in Fighting
 35015 | Snake:1  | Entered Level 1 of the Snake Pit
 35213 | Snake:1  | Reached skill level 15 in Fighting
 35756 | Snake:1  | Found a large runed translucent door.
 35757 | Snake:1  | Noticed Mlioglotl
 35781 | Snake:1  | Killed Mlioglotl
 35794 | Snake:1  | Found a large runed translucent door.
 35795 | Snake:1  | Noticed buhh's ghost (journeyman OpTm)
 35968 | Snake:1  | Noticed Agnes
 35975 | Snake:1  | Killed Agnes
 36135 | Snake:1  | Found Zattamp's Jewellery Shop.
 36376 | Snake:1  | Killed buhh's ghost
 36589 | Snake:2  | Reached skill level 15 in Armour
 36737 | Snake:2  | Reached skill level 10 in Invocations
 37793 | Snake:2  | Reached XP level 17. HP: 154/156 MP: 24/24
 37908 | Snake:2  | You fall into a shaft and drop 1 floor!
 37910 | Snake:3  | Found Xeiwk's Overcharged Wands.
 39343 | Snake:3  | Noticed Azrael
 39364 | Snake:3  | Reached skill level 16 in Fighting
 39369 | Snake:3  | Killed Azrael
 39932 | Snake:4  | Entered Level 4 of the Snake Pit
 39932 | Snake:4  | Noticed Louise
 40095 | Snake:4  | Killed Louise
 40907 | Snake:4  | Found Hutsuv's Antique Armour Shop.
 40907 | Snake:4  | Found Dammarr's Book Shop.
 40915 | Snake:4  | Found Utushre's Weapon Shop.
 40919 | Snake:4  | Found Gierchaol's Distillery.
 40922 | Snake:4  | Bought a potion of heal wounds for 90 gold pieces
 40922 | Snake:4  | Bought a potion of cancellation for 144 gold pieces
 40922 | Snake:4  | Bought a potion of curing for 54 gold pieces
 40922 | Snake:4  | Bought a potion of curing for 54 gold pieces
 41049 | Snake:4  | Identified the amulet of Uriga {Rampage Regen+ Str+4}
 41415 | Snake:4  | Reached skill level 17 in Fighting
 42763 | Snake:4  | Reached skill level 18 in Fighting
 43896 | Snake:4  | Got a serpentine rune of Zot
 44211 | Shoals:1 | Entered Level 1 of the Shoals
 44211 | Shoals:1 | Found Rumem's Assorted Antiques.
 45306 | Shoals:1 | Reached skill level 15 in Shields
 45610 | Orc:2    | Bought a scroll of teleportation for 48 gold pieces
 45610 | Orc:2    | Bought a wand of iceblast (1) for 38 gold pieces
 45871 | Shoals:2 | Reached XP level 18. HP: 152/174 MP: 26/26
 45941 | Shoals:2 | Identified the +2 pair of gloves of Touply {Int+6}
 47372 | Shoals:3 | Reached skill level 10 in Throwing
 47633 | Shoals:3 | Identified the +6 giant club of Floods {venom, rPois Dex+3
                  | SInv Stlth-}
 47644 | Shoals:3 | Found a runed translucent gate.
 47644 | Shoals:3 | Found a runed translucent gate.
 47645 | Shoals:3 | Found a runed translucent gate.
 47646 | Shoals:3 | Noticed Yhotaop's ghost (adept GrFi)
 47721 | Shoals:3 | Noticed Polyphemus
 47732 | Shoals:3 | Killed Polyphemus
 48433 | Snake:4  | Bought a potion of resistance for 180 gold pieces
 48675 | Vaults:1 | Entered Level 1 of the Vaults
 49024 | Vaults:1 | Reached skill level 19 in Fighting
 50158 | Abyss:2  | Cast into level 2 of the Abyss (a wizard)
 50184 | Abyss:2  | Reached skill level 20 in Fighting
 50403 | Abyss:2  | Found a corrupted altar of Lugonu.
 50515 | Abyss:2  | Found a corrupted altar of Lugonu.
 50665 | Abyss:2  | Reached XP level 19. HP: 187/187 MP: 27/27
 50667 | Vaults:1 | Escaped the Abyss
 51273 | Vaults:1 | Reached skill level 21 in Fighting
 52547 | Vaults:2 | Reached skill level 22 in Fighting
 52626 | Vaults:2 | Noticed Boris
 52640 | Vaults:2 | Killed Boris
 52728 | Vaults:2 | Found a staircase to the Crypt.
 53180 | Vaults:2 | Identified the +4 barding "Ysen" {rF++ Stlth+}
 53724 | Vaults:2 | Reached skill level 23 in Fighting
 53963 | Vaults:2 | Found Febaggit's Jewellery Emporium.
 55322 | Vaults:3 | Found Ippocai's Magic Scroll Boutique.
 55331 | Vaults:3 | Bought a scroll of silence for 133 gold pieces
 55331 | Vaults:3 | Bought a scroll of silence for 133 gold pieces
 55331 | Vaults:3 | Bought a scroll of enchant weapon for 105 gold pieces
 55331 | Vaults:3 | Bought a scroll of fear for 56 gold pieces
 55331 | Vaults:3 | Bought a scroll of butterflies for 56 gold pieces
 55544 | Vaults:3 | Reached skill level 24 in Fighting
 56690 | Vaults:3 | Reached XP level 20. HP: 206/209 MP: 28/28
 57514 | Vaults:4 | Reached skill level 25 in Fighting
 57723 | Abyss:3  | Noticed an ancient lich
 57723 | Abyss:3  | Cast into level 3 of the Abyss (a wizard)
 57762 | Vaults:4 | Escaped the Abyss
 57959 | Abyss:3  | Cast into level 3 of the Abyss (a wizard)
 58056 | Vaults:4 | Escaped the Abyss
 58474 | Vaults:4 | Found Cirij's Weapon Shoppe.
 58900 | Vaults:4 | Identified the +10 glaive "Rellim" {vorpal, rElec rF+ Str-2
                  | Dex+4}
 59707 | Elf:1    | Entered Level 1 of the Elven Halls
 59895 | Elf:1    | Found Iduits's Magic Scroll Shop.
 60245 | Elf:1    | Bought a scroll of summoning for 161 gold pieces
 60245 | Elf:1    | Bought a scroll of magic mapping for 127 gold pieces
 60245 | Elf:1    | Bought a scroll of teleportation for 51 gold pieces
 60245 | Elf:1    | Bought a scroll of butterflies for 68 gold pieces
 60245 | Elf:1    | Found Niuck's General Store.
 60424 | Elf:1    | Identified the +10 trident of Shrieking Terror {vorpal, rC+
                  | Str+4 Int-3}
 60449 | Elf:1    | Got Ogorch's Omnibus of Companions
 60774 | Elf:1    | Found Kaigyun's Antique Weapon Emporium.
 61164 | Elf:2    | Found a runed translucent door.
 61166 | Elf:2    | Found a shimmering altar of Xom.
 61166 | Elf:2    | Noticed zeratav's ghost (adept OpVM)
 61181 | Elf:2    | Identified the +5 plate armour of Tidwi {rN+++ Str+2 Dex-4
                  | Stlth+}
 61245 | Elf:2    | Paralysed by an air elemental for 1 turns
 61282 | Elf:2    | Identified the +5 falchion of the Scorching Gods {pain, rN+
                  | Int+3 Dex+4}
 61304 | Elf:2    | Paralysed by an air elemental for 1 turns
 61308 | Elf:2    | Paralysed by an air elemental for 1 turns
 61869 | Elf:2    | Found a runed translucent gate.
 61873 | Elf:2    | Found a runed translucent gate.
 61878 | Elf:2    | Found a runed translucent gate.
 62270 | Shoals:4 | Entered Level 4 of the Shoals
 62414 | Shoals:4 | Noticed royokou's ghost (adept TrWr)
 62414 | Shoals:4 | Found the amulet of Vitality {RegenMP++ Regen++}
 62414 | Shoals:4 | Found a runed translucent door.
 62448 | Shoals:4 | Reached skill level 15 in Invocations
 62562 | Shoals:4 | Identified the +8 mace of Riesodu {drain, +Blink}
 62700 | Shoals:4 | Reached skill level 1 in Polearms
 62863 | Shoals:4 | Got a barnacled rune of Zot
 62869 | Shoals:4 | Noticed Roxanne
 62873 | Shoals:4 | Reached skill level 5 in Dodging
 63684 | D:15     | Reached XP level 21. HP: 201/220 MP: 31/31
 63684 | D:15     | Found a staircase to the Depths.
 63827 | Depths:1 | Entered Level 1 of the Depths
 64816 | Depths:1 | Found a one-way gate leading to the halls of Pandemonium.
 64926 | Depths:1 | Found Keonoe's Jewellery Shop.
 64926 | Depths:1 | Found Alegriw's Book Shoppe.
 64927 | Depths:1 | Found Oluzitui's Book Shoppe.
 65153 | Depths:1 | Found a gateway to Hell.
 65205 | Depths:1 | Found a white marble altar of Elyvilon.
 65206 | Depths:1 | Found a runed translucent door.
 65317 | Depths:1 | Reached skill level 26 in Fighting
 65543 | Depths:1 | Learned a level 1 spell: Apportation
 65546 | Depths:1 | Learned a level 2 spell: Blink
 65616 | Depths:1 | Reached skill level 1 in Translocations
 65793 | Depths:1 | You fall into a shaft and drop 1 floor!
 66054 | Depths:2 | Found a one-way gate to the infinite horrors of the Abyss.
 66070 | Depths:2 | Identified the +5 mace of Risk Management {pain, rCorr}
 66693 | Depths:2 | Paralysed by a floating eye for 2 turns
 66858 | Depths:2 | Found a basalt altar of Yredelemnul.
 66958 | Depths:2 | Got Vilugg's Volume of Boreal Evil
 67124 | Depths:2 | Identified the +12 dire flail of Anguish {antimagic, rElec
                  | rPois rN+}
 67272 | Depths:2 | Reached skill level 5 in Translocations
 67310 | Depths:2 | Noticed a caustic shrike
 67322 | Depths:2 | Killed a caustic shrike
 67322 | Depths:2 | Enslaved a caustic shrike
 67480 | Depths:2 | Got the Essays on the Summoned Crypt
 67481 | Depths:2 | Identified the +4 war axe "Daongem" {vorpal, *Slow rC+
                  | rCorr}
 67802 | Depths:3 | Noticed the Enchantress
 68772 | Depths:3 | Identified the +1 scale mail of Perfidy {-Tele rElec Int+5
                  | Slay+3}
 70946 | Depths:3 | Reached XP level 22. HP: 198/217 MP: 32/32
 71160 | Depths:3 | Reached skill level 10 in Translocations
 71694 | Depths:3 | Killed the Enchantress
 71957 | Depths:3 | Reached skill level 1 in Spellcasting
 72230 | Depths:4 | Entered Level 4 of the Depths
 73006 | Depths:4 | Noticed Boris
 73045 | Depths:4 | Killed from afar by a spriggan air mage

Illustrated notes

Levels and vault maps discovered:
D:1:      eino_arrival_druids_welcome, layout_loops_corners,
          basic_ecumenical_altar, st_stairs_12, grunt_decor_resistance,
          minmay_pentomino_t4
D:2:      layout_basic, serial_shops, nicolae_shop_crystal
D:3:      layout_basic
D:4:      layout_rooms, nicolae_ru_great_annihilating_truth,
          minmay_temple_entry_gardened_gates, kennysheep_generic_room_13
D:5:      layout_basic, hangedman_decor_push
D:6:      layout_basic, mainiacjoe_overflow_brackets, uniq_pikel
D:7:      layout_basic, roderic_roman_lattice, uniq_crazy_yiuf_cottage,
          uniq_maggie, uniq_menkaure
D:8:      layout_basic, uniq_grum
D:9:      layout_small_grid, nicolae_tso_carved_into_rock, lemuel_tele_altar,
          grunt_temple_overflow_opulence,
          kennysheep_orc_monster_closet_entryway, uniq_joseph
D:10:     layout_roguey, ebering_ghost_xom, minivault_7, uniq_lodul
D:11:     layout_basic, lair_entry_dummy, gammafunk_ghost_ooze, serial_glass,
          glass_columns_c, glass_columns_b, glass_columns_c, glass_columns_b,
          glass_columns_a
D:12:     minmay_complete_graph, layout_irregular_city, reono_crystal_passage,
          uniq_fannar
D:13:     layout_loops_ring, nicolae_elyvilon_temple_path
D:14:     layout_irregular_city, grunt_vaults_entry_fortified,
          amcnicky_mini_rare_corridor_liquid
D:15:     gammafunk_enter_depths_forms, layout_loops_ring, vehumet_crystals,
          uniq_kirke
Temple:   nicolae_temple_x_marks_the_god
Lair:1:   dreamdust_isle_of_ice, layout_cave_pods
Lair:2:   layout_cellular_growth, chequers_serial_rivers_room_b,
          cheibrodos_lair_reptile_den, grunt_megastairs_1, uniq_amaemon
Lair:3:   layout_regular_city, minmay_shoals_entry_beasts,
          minmay_snake_entry_guardpost_small
Lair:4:   layout_roguey, slime_entry_1, minivault_11, serial_bayou_shore_a,
          lemuel_fruit_tree
Lair:5:   minmay_lair_end_frog_pond, layout_layer_cave, uniq_rupert, uniq_sonja,
          uniq_nessos
Shoals:1: layout_shoals, serial_shops, shop
Shoals:2: layout_shoals, nicolae_shoals_circle_sea_wall
Shoals:3: layout_shoals, gammafunk_ghost_tricky_traps,
          nicolae_shoals_nymph_descending_staircase, uniq_polyphemus
Shoals:4: shoals_end_simple, layout_shoals, ebering_ghost_inner_flame,
          uniq_roxanne
Snake:1:  layout_onion, serial_shops, shop, ebering_ghost_disaster_area,
          uniq_agnes, uniq_mlioglotl
Snake:2:  layout_onion_interference, grunt_megastairs_2
Snake:3:  layout_rooms, nicolae_shop_overcharged_wands, uniq_azrael
Snake:4:  snake_pit_salamanders_mu, layout_cave_town, minmay_shop_grid_forest,
          nicolae_snake_double_loop, uniq_louise
Orc:1:    layout_diamond_mine, serial_shops, nicolae_orc_lava_tube
Orc:2:    grunt_orc_cross, layout_caves, basic_altar, nicolae_specific_store,
          uniq_donald, uniq_urug
Elf:1:    layout_geoelf_octagon, serial_shops, nicolae_shop_behind_doors,
          minmay_elf_demonology, grunt_ministairs_6, minmay_shoptagon
Elf:2:    nicolae_elf_blades_crystal_corner, layout_loops_ring,
          ebering_ghost_xom
Vaults:1: vaults_room_semicircle, ontoclasm_vaults_ring_small, v_misc_26,
          nicolae_vaults_little_squares_1, v_misc_1, st_spiral_rooms, v_rooms_2,
          ontoclasm_vaults_shuriken, vaults_dpeg_ring, grunt_vaults_funnel,
          layout_vaults_omnigrid, serial_glass
Vaults:2: ontoclasm_vaults_decontamination, nicolae_vaults_alarming,
          ontoclasm_vaults_idyll, nicolae_vaults_little_squares_5,
          hangedman_vaults_corner_blocks, v_pattern_2,
          nicolae_vaults_little_squares_6, minmay_crypt_entry_simple_corners,
          special_room_vaults [special_room_orc],
          nicolae_vaults_little_squares_2, vaults_dpeg_diagonal,
          ontoclasm_vaults_chip, layout_vaults_chaotic_city, serial_shops, shop,
          uniq_boris
Vaults:3: v_misc_3, v_misc_24, hangedman_vaults_trim,
          vaults_room_stairs_pillars, st_squares,
          nicolae_vaults_stairing_the_circle, v_misc_33, v_pattern_1,
          ontoclasm_vaults_fault, nicolae_vaults_little_squares_3,
          nicolae_vaults_little_squares_6, vaults_mumra_hexcomb,
          nicolae_vaults_specimen_jars, layout_vaults_ring, serial_shops,
          nicolae_lakefront_shop
Vaults:4: portal_desolation_entry_nicolae_slug, hangedman_vaults_trim,
          grunt_vaults_hallway_long, nicolae_vaults_shelves_hall,
          vaults_room_ringed_pool, vaults_room_grid, v_misc_29,
          nicolae_vaults_puzzle_piece, st_lattice, vaults_room_boxed, v_misc_25,
          nicolae_vaults_shelves_hall, layout_vaults_omnicross, serial_shops,
          nicolae_shop_bloodbath_and_beyond
Depths:1: minmay_the_grid_triangle_9x9_recursive_3
          [minmay_the_grid_triangle_9x9_sprig,
          minmay_the_grid_triangle_9x9_thin_v,
          minmay_the_grid_triangle_9x9_empty,
          minmay_the_grid_triangle_9x9_prize_schism,
          minmay_the_grid_triangle_9x9_warning,
          minmay_the_grid_triangle_9x9_cache,
          minmay_the_grid_triangle_9x9_tough_junction,
          minmay_the_grid_triangle_9x9_negative_grid,
          minmay_the_grid_triangle_9x9_alien], layout_long_grid, hell_entry,
          rand_demon_pan_entry_3, hangedman_abyss_or_decor_lesser_grid,
          lemuel_angel_altar, minmay_shop_grove
Depths:2: minmay_fractal_lines_corner, layout_cave_pools, abyss_entry,
          hell_entry, rand_demon_pan_entry_4, chequers_serial_rivers_micro_e,
          yredelemnul_forgotten_temple_becter, infiniplex_staircase_pool_2
Depths:3: minmay_spiral_squares, layout_basic, grunt_mini_vestibule,
          abyss_entry_small_statue_room, uniq_enchantress, uniq_margery
Depths:4: evilmike_zot_entry_castle, layout_gridville, enter_ziggurat_b,
          rand_demon_pan_entry_9, hell_entry, solitary_fountain,
          nicolae_trove_entry_free_sample, minmay_acid_items

Skill      XL: |  1  2  3  4  5  6  7  8  9 10 11 12 13 14 15 16 17 18 19 20 21 22 |
---------------+-------------------------------------------------------------------+-----
Axes           | 4 5 6 7 8 9 11 14 16 18 | 18.0
Shields        | 9 13 15 | 15.0
Armour         | 8 9 11 13 15 | 15.0
Fighting       | 7 13 15 18 20 24 25 26 | 26.0
Invocations    | 8 9 11 12 13 15 | 15.0
Evocations     | 2 10 11 | 11.0
Throwing       | 7 11 | 11.6
Polearms       | 2 |  2.1
Dodging        | 6 8 |  8.0
Translocations | 9 10 | 10.7
Spellcasting   | 3 |  3.6

Action                   |  1- 3 |  4- 6 |  7- 9 | 10-12 | 13-15 | 16-18 | 19-21 | 22-24 || total
-------------------------+-------+-------+-------+-------+-------+-------+-------+-------++-------
Melee: War axe           |    85 |    91 |   153 |   365 |   530 |    55 |    20 |       ||  1299
       Headbutt          |     8 |    10 |    27 |    71 |   159 |   271 |   368 |    42 ||   956
       Demon whip        |       |       |       |       |     8 |       |       |       ||     8
       Broad axe         |       |       |       |       |    59 |   869 |   808 |   121 ||  1857
       Unarmed           |       |       |       |       |       |     2 |       |       ||     2
       Lance             |       |       |       |       |       |       |   349 |     8 ||   357
Throw: Throwing net      |       |       |     1 |     1 |     2 |     3 |       |       ||     7
       Dart              |       |       |       |    19 |    49 |     3 |       |       ||    71
       Javelin           |       |       |       |     2 |       |    35 |    58 |     8 ||   103
       Boomerang         |       |       |       |       |    14 |     9 |       |       ||    23
 Cast: Blink             |       |       |       |       |       |       |       |     1 ||     1
Invok: Dark Bargain      |       |       |       |       |     4 |     2 |       |     1 ||     7
       Drain Life        |       |       |       |       |       |     8 |     3 |     3 ||    14
       Bind Soul         |       |       |       |       |       |     4 |     1 |     1 ||     6
       Recall Undead Har |       |       |       |       |       |     2 |     1 |       ||     3
Evoke: Wand              |       |       |       |    18 |    41 |    29 |    21 |     3 ||   112
       Box of beasts     |       |       |       |     1 |     4 |     8 |     5 |     1 ||    19
       Lightning rod     |       |       |       |       |    13 |    16 |    10 |     3 ||    42
       Tin of tremorston |       |       |       |       |       |    12 |     8 |     2 ||    22
       Piece from Xom's  |       |       |       |       |       |       |     1 |     1 ||     2
       Condenser vane    |       |       |       |       |       |       |     5 |     3 ||     8
       Phial of floods   |       |       |       |       |       |       |     3 |     1 ||     4
  Use: Scroll            |     5 |    11 |     4 |    19 |    13 |    21 |    23 |     7 ||   103
       Potion            |       |     1 |     6 |     2 |    13 |    19 |    12 |     4 ||    57
 Stab: Distracted        |       |       |     1 |     4 |     7 |    18 |    17 |     4 ||    51
       Invisible         |       |       |       |     3 |     2 |       |     2 |       ||     7
       Petrified         |       |       |       |     2 |       |       |       |       ||     2
       Paralysed         |       |       |       |       |    14 |    13 |     9 |       ||    36
Armor: Ring mail         |    38 |    14 |       |       |       |       |       |       ||    52
       Scale mail        |       |    20 |     8 |       |       |       |       |       ||    28
       Chain mail        |       |       |    30 |   153 |   187 |    54 |       |       ||   424
       Plate armour      |       |       |       |       |   102 |   400 |   562 |   107 ||  1171
Dodge: Dodged            |    68 |    59 |    40 |   109 |   242 |   343 |   447 |    78 ||  1386
Block: Kite shield       |       |       |    34 |   224 |   368 |   618 |   744 |   120 ||  2108

Table legend: (Time is in decaauts)
 A = Elapsed time spent in this place.
 B = Non-inter-level travel time spent in this place.
 C = Inter-level travel time spent in this place.
 D = Time resting spent in this place.
 E = Time spent auto-exploring this place.
 F = Levels seen in this place.
 G = Mean time per level.
                   A        B        C        D        E       F      G
               +--------+--------+--------+--------+--------+-----+--------+
         Total |  72906 |  68838 |   4068 |  25608 |  27443 |  44 | 1657.0 |
       Dungeon |  27780 |  25703 |   2077 |  12106 |   8894 |  15 | 1852.0 |
        Temple |     82 |     70 |     12 |      0 |     49 |   1 |   82.0 |
          Lair |   6497 |   5997 |    500 |   1427 |   3100 |   5 | 1299.4 |
        Shoals |   5277 |   4988 |    289 |    685 |   2371 |   4 | 1319.2 |
     Snake Pit |   9303 |   8840 |    463 |   3927 |   2954 |   4 | 2325.8 |
  Orcish Mines |   2868 |   2517 |    351 |   1026 |    773 |   2 | 1434.0 |
   Elven Halls |   2296 |   2199 |     97 |    658 |   1121 |   2 | 1148.0 |
        Vaults |  10065 |   9817 |    248 |   3132 |   4368 |   4 | 2516.2 |
        Depths |   8118 |   8089 |     29 |   2549 |   3691 |   4 | 2029.5 |
         Abyss |    615 |    615 |      0 |     93 |    120 |   3 |  205.0 |
               +--------+--------+--------+--------+--------+-----+--------+

Top non-repeatable levels by time:
 Snake:4: 4196 daAuts
Depths:3: 3786 daAuts
Vaults:2: 3565 daAuts
    D:15: 3413 daAuts
    D:11: 2658 daAuts
Depths:2: 2531 daAuts
     D:7: 2440 daAuts
Vaults:3: 2351 daAuts
Vaults:1: 2334 daAuts
 Snake:1: 2049 daAuts
 Snake:3: 1914 daAuts
    D:14: 1884 daAuts
    D:10: 1855 daAuts
     D:6: 1818 daAuts
Vaults:4: 1813 daAuts
